Cogmind - Beta 16 @@@ ROGUE MODE // 2025.11.09 @ 16:30:51 Player: JuustuToug Result: Destroyed self via exploding Fusion Modulator Performance ------------- Evolutions (0) 0 Regions Visited (1) 200 Robots Destroyed (13) 65 Value Destroyed (203) 203 Prototype IDs (0) 0 Alien Tech Used (0) 0 Bonus (0) 0 TOTAL SCORE: 468 Bonus ------- None Cogmind --------- Core Integrity 0/250 Matter 267/300 Energy 250/250 System Corruption 0% Temperature Cool (24) Movement Treading (160) Location -10/Materials Parts ------- > --- POWER (1) -------- Ion Engine > --- PROPULSION (2) --- Light Treads > --- UTILITY (2) ------ Medium Storage Unit Seismic Detector > --- WEAPON (2) ------- Light Assault Rifle Light Assault Rifle > --- INVENTORY (10) --- Ion Engine Aluminum Leg Compact Wheel Improved Heat Sink Improved Terrain Scanner Seismic Detector Medium Laser Small Laser Grenade Launcher Peak State ------------ > --- POWER ------------ Ion Engine > --- PROPULSION ------- Light Treads Light Treads > --- UTILITY ---------- Small Storage Unit Seismic Detector > --- WEAPON ----------- Medium Laser Medium Laser > --- INVENTORY -------- Ion Engine Aluminum Leg Aluminum Leg Wheel Compact Wheel Improved Terrain Scanner Seismic Detector Small Laser [Rating: 8] Favorites ----------- Power Ion Engine Engine Ion Engine Propulsion Light Treads Treads Light Treads Utility Seismic Detector Device Seismic Detector Storage Medium Storage Unit Weapon Medium Laser Energy Gun Medium Laser Ballistic Gun Light Assault Rifle Launcher Grenade Launcher Build | -11 -10 ------- Run | Yrd Mat Slots Evolved . | . . Power . | . . Propulsion . | . . Utility . | . . Weapon . | . . Parts Attached 11 | 7 4 Power 1 | 1 . Engine 1 | 1 . Core . | . . Reactor . | . . Propulsion 2 | 2 . Treads 2 | 2 . Leg . | . . Wheel . | . . Hover . | . . Flight . | . . Utility 3 | 2 1 Device 1 | 1 . Storage 2 | 1 1 Processor . | . . Hackware . | . . Protection . | . . Artifact . | . . Weapon 5 | 2 3 Energy Gun 2 | 2 . Energy Cannon . | . . Ballistic Gun 2 | . 2 Ballistic Cannon . | . . Launcher 1 | . 1 Special Weapon . | . . Impact Weapon . | . . Slashing Weapon . | . . Piercing Weapon . | . . Special Melee Weapon . | . . Unidentified Prototypes . | . . Parts Lost 1 | . 1 Power . | . . Propulsion 1 | . 1 Utility . | . . Weapon . | . . Highest Loss Streak 1 | . 1 To Critical Strikes . | . . Average Backups 6 | 5 7 Power . | . 1 Propulsion 2 | 2 2 Utility 1 | . 2 Weapon 1 | . 1 Tool/Special . | . . Unused Backups 10 | 2 8 Power 1 | . 1 Propulsion 4 | 2 2 Utility 4 | . 4 Weapon 1 | . 1 Tool/Special . | . . Average Slot Usage (%) 100 | . 100 Engine 14 | . 14 Treads 28 | . 28 Device 14 | . 14 Storage 14 | . 14 Energy Gun 21 | . 21 Ballistic Gun 6 | . 6 Peak Build Rating 8 | 8 8 Average Rating 6 | 5 7 On Entrance 3 | . 7 Avg Prop Armor Cover (%) . | . . Naked Turns . | . . Heaviest Build 20 | 15 20 Greatest Support 40 | 40 40 Greatest Overweight (x) . | . . Average Overweight (x) . | . . Largest Inventory Capacity 10 | 8 10 Average Capacity 8 | 7 9 Most Carried 10 | 8 10 Average Carried 6 | 5 7 Final Capacity 10 | 8 10 Final Carried 9 | 6 9 Class Distribution -------------------- 100% | Mutant Dominant Class ---------------- Mutant | -10/Materials Resources | -11 -10 ----------- Run | Yrd Mat Matter Collected 314 | 256 58 Remotely . | . . Salvage Created 399 | 107 292 Parts 22 | 10 12 Haulers Intercepted . | . . Recyclers Shooed 2 | 1 1 Parts Field Recycled . | . . Retrieved Matter . | . . Parts Self-Destructed . | . . Prevented . | . . Parts Restored . | . . Kills | -11 -10 ------- Run | Yrd Mat Combat Hostiles Destroyed 8 | . 8 Guns 5 | . 5 AOE 2 | . 2 Classes Destroyed 5 | 2 3 Tunneler 2 | 2 . Recycler 2 | 1 1 Watcher 1 | . 1 Swarmer 6 | . 6 Grunt 2 | . 2 Best Kill Streak 4 | 2 4 Combat Bots Only 3 | . 3 Max Kills in Single Turn 2 | 1 2 Gunslinging . | . . Exploded 2 | . 2 Melee . | . . Uniques/NPCs Destroyed . | . . Combat | -11 -10 -------- Run | Yrd Mat Hostile Shots Fired 52 | . 52 Missed 13 | . 13 Hits 39 | . 39 Projectile 39 | . 39 Damage Taken 644 | . 644 Core 281 | . 281 Absorbed by Shields . | . . Core Remaining (%) 100 | 100 . Volleys Fired 37 | 6 31 Largest 2 | 2 2 Hottest 100 | 100 100 Shots Fired 74 | 12 62 Gun 73 | 12 61 Cannon . | . . Launcher 1 | . 1 Special . | . . Kinetic 22 | . 22 Thermal 51 | 12 39 Explosive 1 | . 1 Electromagnetic . | . . Robot Hit Streak 12 | 10 12 Robot Miss Streak 3 | . 3 Penetration Max . | . . Secondary Targets . | . . Shots Hit Robots 48 | 10 38 Core Hits 23 | 4 19 Critical Kills . | . . Critical Parts Destroyed . | . . Critical Strikes 4 | 1 3 Burn 4 | 1 3 Melee Attacks . | . . Impact . | . . Slashing . | . . Piercing . | . . Sneak Attacks . | . . Combat Hostiles . | . . Follow-up Attacks . | . . Damage Inflicted 717 | 126 591 Guns 554 | 126 428 Cannons . | . . Explosions 163 | . 163 Melee . | . . Ramming . | . . Kinetic 94 | . 94 Thermal 528 | 126 402 Explosive 95 | . 95 Electromagnetic . | . . Impact . | . . Slashing . | . . Piercing . | . . Highest Corruption . | . . Average Corruption . | . . Corruption Purged . | . . Corruption Blocked . | . . Overload Shots . | . . Overflow Damage 18 | . 18 Projectiles . | . . Explosions 18 | . 18 Melee . | . . Knockbacks . | . . Impact . | . . Kinetic . | . . Secondary . | . . Self-Inflicted Damage 230 | . 230 Shots 3 | . 3 Rammed . | . . Targets Rammed . | . . Kicked . | . . Crushed . | . . Highest Temperature 327 | 117 327 Average Temperature 106 | 46 123 Received Heat Transfer 150 | . 150 Effects 2 | . 2 Energy Bleed 1 | . 1 Damage (minor) 1 | . 1 Siege Activations . | . . Martial Activations . | . . Shielding Activations . | . . Robots Disrupted . | . . Combat Hostiles . | . . Robots Corrupted . | . . Combat Hostiles . | . . Parts Fried . | . . Impact Corruptions . | . . Robots Melted 1 | . 1 Combat Hostiles 1 | . 1 Parts Melted 5 | 2 3 Heat Transferred 1765 | 444 1321 Parts Sabotaged . | . . Parts Stolen . | . . Parts Stripped . | . . Power Chain Reactions . | . . Alert | -11 -10 ------- Run | Yrd Mat Maximum Alert Level . | . . Low Security (%) 100 | 100 100 Level 1 . | . . Level 2 . | . . Level 3 . | . . Level 4 . | . . Level 5 . | . . High Security . | . . Max Security . | . . Peak Influence 136 | 5 136 Initial . | . . Average 36 | . 53 Influence Increases 343 | 15 328 Destroy 0b10 Robot/C 160 | . 160 Destroy 0b10 Robot/NC 25 | 15 10 Destroy Leader 42 | . 42 Select Force Hacks 30 | . 30 Disable Machine 30 | . 30 Destroy Structure 26 | . 26 Lose Combat Pursuer 30 | . 30 Influence Decreases 185 | 15 170 Time Decay 175 | 15 160 Lost Part 10 | . 10 Squads Dispatched 1 | . 1 Investigation 1 | . 1 Extermination . | . . Reinforcement . | . . Assault . | . . Garrison . | . . Intercept . | . . Searches Triggered . | . . Construction Impeded . | . . Haulers Reinforced . | . . Active Scanning Responses . | . . Cargo Convoy Interrupts . | . . Stealth | -11 -10 --------- Run | Yrd Mat Distress Signals 1 | . 1 Communications Jammed . | . . Distress Signals . | . . Times Spotted 15 | . 15 Peak Tracking Total 4 | . 4 Tactical Retreats 2 | . 2 Traps | -11 -10 ------- Run | Yrd Mat Traps Triggered . | . . Indirectly . | . . Trap Hack Attempts . | . . Triggered . | . . Disarmed . | . . Reprogrammed . | . . Reused . | . . Traps Extracted . | . . Installed . | . . Triggered . | . . Machines | -11 -10 ---------- Run | Yrd Mat Machines Disabled 2 | . 2 Max in Single Turn 2 | . 2 Machines Repaired . | . . Machines Dismantled . | . . Machines Sabotaged . | . . Overloaded Fab Kills . | . . Hacking | -11 -10 --------- Run | Yrd Mat Machines Accessed 1 | . 1 Terminals . | . . Fabricators . | . . Repair Stations . | . . Recycling Units 1 | . 1 Scanalyzers . | . . Garrison Access . | . . Total Hacks 2 | . 2 Successful 1 | . 1 Failed 1 | . 1 Catastrophic . | . . Database Lockouts . | . . Manual 2 | . 2 Terminals . | . . Fabricators . | . . Repair Stations . | . . Recycling Units 2 | . 2 Scanalyzers . | . . Garrison Access . | . . Terminal Hacks . | . . Fabricator Hacks . | . . Repair Station Hacks . | . . Recycling Unit Hacks . | . . Scanalyzer . | . . Garrison Access Hacks . | . . Unauthorized Hacks 1 | . 1 Terminals . | . . Fabricators . | . . Repair Stations . | . . Recycling Units 1 | . 1 Tunnel 1 | . 1 Scanalyzers . | . . Garrison Access . | . . Data Cores Recovered . | . . Used . | . . Hacking Detections 1 | . 1 Full Trace Events . | . . Feedback Events . | . . Feedback Blocked . | . . Robot Schematics Acquired . | . . Robots Built . | . . Authchips . | . . Time . | . . Total Robot Build Rating . | . . Part Schematics Acquired . | . . Parts Built . | . . Authchips . | . . Time . | . . Total Part Build Rating . | . . Part Studies Acquired . | . . Parts Repaired . | . . Time . | . . Parts Recycled . | . . Recycled Matter . | . . Retrieved Matter . | . . Retrieved Components . | . . Parts Scanalyzed . | . . Part Schematics Acquired . | . . Parts Damaged . | . . Bothacking | -11 -10 ------------ Run | Yrd Mat Used RIF Installer . | . . Robots Hacked . | . . Non-combat . | . . Combat . | . . Robot Hacks Applied . | . . Relay Couplers Released . | . . Fabnet Peak Effective % . | . . Robots Rewired . | . . Allies Hacked . | . . Hacks Repelled . | . . Allies | -11 -10 -------- Run | Yrd Mat Total Allies . | . . Largest Group . | . . Highest-Rated Group . | . . Highest-Rated Ally . | . . Total Orders . | . . Ally Attacks . | . . Total Damage . | . . Kills . | . . Allies Corrupted . | . . Allies Melted . | . . Intel | -11 -10 ------- Run | Yrd Mat Active Infowar (turns) 411 | 53 358 Seismic 411 | 53 358 Robot Analysis Total . | . . Derelict Logs Recovered . | . . Drone Launches . | . . Drone Recoveries . | . . Exploration | -11 -10 ------------- Run | Yrd Mat Turns Passed 531 | 173 358 Spaces Moved 199 | 85 114 Core 8 | 8 . Treads 191 | 77 114 Legs . | . . Wheels . | . . Hover . | . . Flight . | . . Fastest Speed 50 | 50 160 Average Speed 155 | 149 160 Slowest Speed 160 | 160 160 Overloaded Moves . | . . Propulsion Burnouts . | . . Robots Hopped . | . . Potential Cave-ins . | . . Cave-ins Triggered . | . . Exploration Rate (%) 12 | 6 18 Regions Visited 1 Branch Regions . Pre-discovered Areas 1 | . 1 Known Exits Taken . | . . Unknown Exits Taken 1 | 1 . Scrap Searched . | . . Spaces Dug . | . . Terrain Destroyed 32 | . 32 Melee . | . . Projectile . | . . AOE 32 | . 32 Terrain Rammed . | . . Walls Destroyed . | . . Machines Disabled . | . . Actions | -11 -10 --------- Run | Yrd Mat Total 351 | 120 231 Wait 78 | 6 72 Move 198 | 84 114 Hop . | . . Pick Up 21 | 15 6 Fast Attach . | . . Attach 7 | 7 . Detach . | . . Swap 5 | . 5 Drop 5 | 2 3 Fire 37 | 6 31 Melee . | . . Ram . | . . Kick . | . . Crush . | . . Escape Stasis . | . . Rewire . | . . Trap . | . . Miscellaneous . | . . Route ------- -11/Scrapyard -10/Materials History --------- Turn | Location | Event 5 | -11/Scrapyard | Discovered new exit (range 15) 174 | -11/Scrapyard | Entered Materials 305 | -10/Materials | Build established: Mutant 411 | -10/Materials | Core integrity fell below 50% 532 | -10/Materials | Destroyed self via exploding Fusion Modulator Last Messages --------------- 00501_ U-05 Engineer lays Concrete. 00505_ W-16 Scout destroyed. 00506_ U-05 Engineer lays Concrete. 00510_ U-05 Engineer builds a Wall. 00517_ K-01 Serf collects debris. 00518_ U-05 Engineer builds a Wall. 00520_ K-01 Serf cleans the Fusion Modulator. 00523_ U-05 Engineer lays Concrete. 00524_ K-01 Serf collects debris. 00524_ U-05 Engineer lays Concrete. 00525_ S-10 Pest destroyed. 00525_ U-05 Engineer builds a Wall. 00527_ K-01 Serf collects debris. 00528_ Acquired 14 matter. 00530_ U-05 Engineer builds a Wall. 00532_ Fusion Modulator explodes. 00532_ Lgt. Treads destroyed. 00532_ Destroyed Lgt. Treads. 00532_ Fusion Modulator explodes. 00532_ Destroyed Wheel. Map ----- +----------------------------------------------------+ | ??????????????????????????????????????????????? | | ??????????????????????????????????????????????? | | ??????????????????????????????????????????????? | | ??????????????????????????????????????????????? | | ??????????????????????????????????????????????? | | ??????????????????????????????????????????????? | | ??????????????????????????????????????????????? | | ??????????????????????????????????????????????? | | ??????????????????????????????????????????????? | | ??????????????????????????????????????????????? | | ??????????????????????????????????????????????? | | ??????????????????????????????????????????????? | | ??????????????????????????????????????????????? | | ??????????????????????????????????????????????? | | ??????????????????????????????????????????????? | | ???????? ?????????????????????????????????????? | | ??????# ????????????????????????+????????????? | | ??????# ??????????????????????? ?????????????? | | ????### ?????????????????????? ??????????????? | | ????? ????????????#######?k#???? #????????? | | ????? ????????????# ! ## ### #????????? | | ?????? ?????????#### k # ?????????? | | ??????# ?????????# ; ; ???????????? | | ??????# ?????????## ; ; ??????????????? | | ??????# ?????????# ; ;##???????????????? | | ??????# ??????#####;; @ ; #???????????????? | | ??????+ ####### ; ;##???????????????? | | ??????# ; ; #???????????????? | | ??????# = ; #???????????????? | | ??????# * ; ;##???????????????? | | ??????#### ####% u ;#????????????????? | | ?????????# #??## # ##????????????????? | | ?????????# #???# # ######?????????????????? | | ?????????# #???# #######??????????????????? | | ?????????# #???# #????????????????????????? | | ?????????# #???# #????????????????????????? | | ########## #???# #????????????????????????? | | # #???# ????????????????????????? | | # #???# ##???????????????????????? | | """ #! #???# #????????????????????????? | | """ # #???# #????????????????????????? | | Y" """ # #???# #????????????????????????? | | "" % %+ #???# #????????????????????????? | | ########## #???# #????????????????????????? | | """ """ # #???# #????????????????????????? | | """ """ # #???? ?????????????????????????? | | """ """[# #????????????????????????????????? | | =+% #????????????????????????????????? | | %# #????????????????????????????????? | | # #????????????????????????????????? | +----------------------------------------------------+ Best States ------------- Heat Dissipation 25 Energy Generation 10 Energy Capacity 250 Matter Stores 300 Matter Capacity 300 Sight Range 16 Terrain Scan Density 10 Evasion (%) 40 Recoil Reduction 2 Item Schematics ----------------- None Robot Schematics ------------------ None Fabricated ------------ Nothing Repaired ---------- Nothing Studied --------- None Alien Tech Used ----------------- None Achievements -------------- None Challenges ------------ None Game ------ Seed DirectedNuclearMagmablaster Manual? 0 Play Time 00:05:34 Cumulative 178.2 hours Start 2025.11.09 @ 16:27:31 End 2025.11.09 @ 16:30:51 Sessions 1 Manual Loads 0 Difficulty Rogue Special Mode None Game No. 122 Rogue 122 Adventurer 0 Explorer 0 Win Type - Total 6 Types 4/0/1/1/0/0/0/0/0/0 Lore% 82 Gallery% 74 Achievement% 54 Wizard Run 0 Options --------- Layout 1 ASCII 0 Keyboard 0 Movement Mouse Keybinds 0 Fullscreen 2 Font 24/Smallcaps Map View 50x35 Zoom Use 1% Tactical HUD 1 Map Filters NONE Filters NONE Steam 1 RUN: 9961506f-bf8e-4e6a-b6d1-00a25e2c1d3e